 Dungeon Crawl Stone Soup version 0.29-a0-1008-g949cc1d0fb (webtiles) character file.

Game seed: 12987543644081358592

1697 wilfster70 the Skirmisher (level 8, -5/38 HPs)
             Began as a Spriggan Hunter on Aug 7, 2022.
             Was a Follower of Okawaru.
             Slain by a cyclops (21 damage)
             ... on level 7 of the Dungeon.
             The game lasted 00:16:52 (7511 turns).

wilfster70 the Skirmisher (Spriggan Hunter)         Turns: 7511, Time: 00:16:52

Health: -5/38      AC:  4    Str:  7    XL:     8   Next: 72%
Magic:  11/11      EV: 17    Int: 18    God:    Okawaru [*.....]
Gold:   356        SH:  0    Dex: 19    Spells: 7/7 levels left

rFire   . . .      SeeInvis +   a - +0 shortbow
rCold   . . .      Faith    .   (shield currently unavailable)
rNeg    . . .      Spirit   .   o - +0 troll leather armour {Pargi}
rPois   .          Reflect  .   (helmet restricted)
rElec   .          Harm     .   (no cloak)
rCorr   .          Rampage  .   (gloves unavailable)
Will    +....                   (boots unavailable)
Stlth   +++.......              (no amulet)
HPRegen 0.92/turn               s - ring of wizardry
MPRegen 0.12/turn               w - +6 ring of intelligence

@: very quick
A: very small, no large weapons, unfitting armour, see invisible, speed 3
a: Renounce Religion, Heroism


You were on level 7 of the Dungeon.
You worshipped Okawaru.
Okawaru was aware of your devotion.
You visited 2 branches of the dungeon, and saw 8 of its levels.
You also visited: Sewer.

You collected 356 gold pieces.

Inventory:

Hand Weapons
 a - a +0 shortbow (weapon)
 b - a +1 short sword of venom
Missiles
 c - 15 poisoned darts
Armour
 o - a +0 troll leather armour (worn) {Pargi}
Jewellery
 s - a ring of wizardry (left hand)
 w - a +6 ring of intelligence (right hand)
 y - the ring "Ycossaj" {Fly rC+++ rCorr Str+8 Int-4}
   (You found it on level 6 of the Dungeon)

   [ring of flight]

   Str:       It affects your strength (+8).
   Int:       It affects your intelligence (-4).
   rC:        It renders you almost immune to cold.
   Fly:       It grants you flight.
   rCorr:     It protects you from acid and corrosion.
Wands
 l - a wand of quicksilver (5)
 n - a wand of polymorph (12)
Scrolls
 h - a scroll of immolation
 k - 2 scrolls of blinking
 r - a scroll of identify
 t - a scroll of torment {unknown}
 x - a scroll of enchant armour {unknown}
Potions
 d - a potion of heal wounds {unknown}
 e - 2 potions of flight
 f - 4 potions of curing
 g - 3 potions of ambrosia
 i - 2 potions of attraction {unknown}
 j - 4 potions of might
 m - a potion of berserk rage {unknown}
 p - 2 potions of magic
 q - a potion of invisibility {unknown}
 u - a potion of brilliance {unknown}
 v - 2 potions of haste {unknown}


   Skills:
 - Level 1.6 Fighting
 * Level 10.6 Ranged Weapons
 - Level 2.8 Dodging
 - Level 5.8 Stealth
 + Level 3.6 Invocations


You had 7 spell levels left.
You didn't know any spells.
Your spell library contained the following spells:

 Spells                   Type           Power      Damage    Failure   Level
 Apportation              Tloc           0%         N/A       13%         1
 Necrotise                Necr           0%         1d4       13%         1
 Dazzling Flash           Conj/Hex       0%         N/A       36%         3
 Stone Arrow              Conj/Erth      0%         3d7       36%         3
 Iskenderun's Mystic Bla  Conj/Tloc      0%         2d3       75%         4
 Starburst                Conj/Fire      0%         6d3       100%        6
 Lehudib's Crystal Spear  Conj/Erth      0%         10d2      100%        8
 Summon Small Mammal      Summ           Unusable   N/A       N/A         1
 Animate Armour           Summ/Erth      Unusable   N/A       N/A         4

Dungeon Overview and Level Annotations

Branches:
Dungeon (7/15)             Temple (1/1) D:6           Sewer (visited)

Altars:
Ashenzari
Cheibriados
Elyvilon
Gozag
Hepliaklqana
Kikubaaqudgha
Makhleb
Nemelex Xobeh
Okawaru
Qazlal
Ru
Sif Muna
Trog
Uskayaw
Vehumet
Wu Jian
Yredelemnul
Zin
The Shining One

Portals:
Abyss: D:3

Annotations:
D:2 exclusion: downstairs
D:3 2 transporters, ZodNigurash's ghost, amateur GrEE


Innate Abilities, Weirdness & Mutations

You are very small and have problems with some larger weapons.
You are too small for most types of armour.
You have supernaturally acute eyesight. (SInv)
You cover ground extremely quickly. (Speed+++)


Message History

You shoot an arrow. The arrow hits the two-headed ogre!
The two-headed ogre is almost dead.
You shoot an arrow. The arrow hits the two-headed ogre!
You kill the two-headed ogre!
Okawaru is honoured by your kill.
You can now gain great but temporary skills.
Your Ranged Weapons skill increases to level 10!
Your Invocations skill gained 2 levels and is now at level 3!
Things that are here:
a +0 giant club; a +0 giant club; a two-headed ogre corpse Magic restored.
You now have 356 gold pieces (gained 10).
Found a stone staircase leading down.
There is a stone staircase leading down here.
A howler monkey comes into view.
You shoot an arrow. The arrow hits the howler monkey.
The howler monkey howls!
The howler monkey is moderately wounded.
You shoot an arrow. The arrow hits the howler monkey.
The howler monkey is moderately wounded.
You shoot an arrow. The arrow hits the howler monkey.
The howler monkey is severely wounded.
You shoot an arrow. The arrow hits the howler monkey!
You kill the howler monkey!
Okawaru accepts your kill.
No target in view!
Found a granite statue.
No target in view!
As you open the door, it creaks loudly!
A cyclops comes into view.
The cyclops shouts!
Found a leather armour.
There is an open door here.
The cyclops throws a large rock.
The large rock hits you!!
Ouch! That really hurt!
There is an open door, spattered with blood here.
There is an open door, spattered with blood here.
The cyclops hits you!!
Ouch! That really hurt!
You die...

## #..## #
#######+##### ###
#.......# .. ###
#.......# # #.#
+..8....# # ..#
#.......# ## ..#
#.......# .####.##
###'###.# ....#..##
#..@##.# ###^....##
#..C..#.#
#.....#..#
#.....#.#
..###.##.##
#.[...#.# .#
#>....####...##.##
#
###...#.#######..##
###.............#
#.............#
#.............#


You could see a cyclops.

Vanquished Creatures
  A two-headed ogre (D:7)
  An ice beast (D:6)
  Pargi (Sewer)
  An ogre (D:5)
  2 scorpions (D:5)
  3 howler monkeys
  6 hounds
  An orc priest (D:3)
  2 jellies (D:6)
  3 iguanas
  An orc wizard (D:6)
  4 gnolls (D:4)
  A river rat (D:4)
  10 adders
  A white imp (D:6)
  3 worms
  10 orcs
  5 endoplasms
  3 giant cockroaches
  A goblin (D:1)
  7 hobgoblins
  2 jackals (D:2)
  3 quokkas
  4 ball pythons
  3 bats
  A frilled lizard (D:2)
  7 kobolds
  5 rats
92 creatures vanquished.

Vanquished Creatures (others)
  An orc (D:4)
1 creature vanquished.

Grand Total: 93 creatures vanquished

Notes
Turn   | Place    | Note
-------+----------+-------------------------------------------
     0 | D:1      | wilfster70 the Spriggan Hunter began the quest for the Orb.
     0 | D:1      | Reached XP level 1. HP: 10/10 MP: 2/2
  1026 | D:2      | Reached XP level 2. HP: 9/15 MP: 3/3
  1257 | D:2      | Reached XP level 3. HP: 18/18 MP: 4/4
  2245 | D:3      | Noticed a small abomination
  2258 | D:3      | Found a transporter.
  2320 | D:3      | Reached skill level 5 in Ranged Weapons
  2448 | D:3      | Found a transporter.
  2474 | D:3      | Noticed a small abomination
  2844 | D:3      | Reached XP level 4. HP: 23/23 MP: 5/5
  3357 | D:3      | Found a one-way gate to the infinite horrors of the Abyss.
  3357 | D:3      | Noticed ZodNigurash's ghost (amateur GrEE)
  3522 | D:4      | Reached XP level 5. HP: 26/26 MP: 6/6
  3868 | D:4      | Reached skill level 6 in Ranged Weapons
  3868 | D:4      | Reached skill level 5 in Stealth
  3996 | D:4      | Found a glowing drain.
  4015 | Sewer    | Entered a sewer
  4271 | Sewer    | Noticed Pargi
  4325 | Sewer    | Killed Pargi
  4326 | Sewer    | Reached XP level 6. HP: 8/30 MP: 7/7
  5011 | D:5      | Entered Level 5 of the Dungeon
  5140 | D:5      | Reached skill level 7 in Ranged Weapons
  5450 | D:5      | Reached XP level 7. HP: 34/34 MP: 8/8
  5972 | D:5      | Reached skill level 8 in Ranged Weapons
  6454 | D:6      | Reached skill level 9 in Ranged Weapons
  6708 | D:6      | Found a staircase to the Ecumenical Temple.
  6712 | Temple   | Entered the Ecumenical Temple
  6727 | Temple   | Became a worshipper of Warmaster Okawaru
  6850 | D:6      | Reached XP level 8. HP: 38/38 MP: 9/9
  6899 | D:6      | Reached skill level 1 in Invocations
  7028 | D:6      | Found a sparkling altar of Nemelex Xobeh.
  7093 | D:6      | Identified the ring "Ycossaj" {Fly rC+++ rCorr Str+8 Int-4}
  7104 | D:6      | Found a white marble altar of Elyvilon.
  7111 | D:6      | Found a burning altar of Makhleb.
  7116 | D:6      | Found a hide-covered altar of Uskayaw.
  7351 | D:7      | Noticed a two-headed ogre
  7423 | D:7      | Killed a two-headed ogre
  7423 | D:7      | Reached * piety under Okawaru
  7424 | D:7      | Reached skill level 10 in Ranged Weapons
  7505 | D:7      | Noticed a cyclops
  7511 | D:7      | Slain by a cyclops

Illustrated notes

Levels and vault maps discovered:
D:1:      minmay_arrival_arboretum_small, layout_loops_corners
D:2:      layout_basic, feat_on_display
D:3:      layout_basic, gammafunk_ghost_abyssal_escape, grunt_decor_clamped
D:4:      layout_gridville, portal_sewer_entry_a, amcnicky_mini_corridor_feature
D:5:      layout_basic
D:6:      layout_loops_ring, grunt_temple_overflow_diamond,
          kennysheep_mini_moat, temple_hall_moat, minivault_1
D:7:      layout_rooms, roderic_batcave, minmay_three_doors
Temple:   dpeg_three_leaves_temple

Skill      XL: |  1  2  3  4  5  6  7  8 |
---------------+-------------------------+-----
Stealth        | 2 3 4 5 |  5.8
Ranged Weapons | 5 6 7 9 10 | 10.6
Invocations    | 3 |  3.6
Fighting       | |  1.6
Dodging        | |  2.8

Action                   |  1- 3 |  4- 6 |  7- 9 || total
-------------------------+-------+-------+-------++-------
 Fire: Shortbow          |   110 |   176 |   127 ||   413
  Use: Scroll            |     7 |     2 |     1 ||    10
       Potion            |       |     1 |       ||     1
Armor: Robe              |     3 |     6 |       ||     9
       Troll leather arm |       |     5 |     7 ||    12
Dodge: Dodged            |    25 |    83 |    27 ||   135

Table legend: (Time is in decaauts)
 A = Elapsed time spent in this place.
 B = Non-inter-level travel time spent in this place.
 C = Inter-level travel time spent in this place.
 D = Time resting spent in this place.
 E = Time spent auto-exploring this place.
 F = Levels seen in this place.
 G = Mean time per level.
                   A        B        C        D        E       F      G
               +--------+--------+--------+--------+--------+-----+--------+
         Total |   5404 |   5220 |    184 |   1340 |   2289 |   9 |  600.4 |
       Dungeon |   4806 |   4626 |    180 |    938 |   2289 |   7 |  686.6 |
        Temple |     15 |     11 |      4 |      0 |      0 |   1 |   15.0 |
         Sewer |    582 |    582 |      0 |    402 |      0 |   1 |  582.0 |
               +--------+--------+--------+--------+--------+-----+--------+

Top non-repeatable levels by time:
     D:3: 1007 daAuts
     D:5: 928 daAuts
     D:2: 926 daAuts
     D:1: 676 daAuts
     D:6: 648 daAuts
   Sewer: 582 daAuts
     D:4: 491 daAuts
     D:7: 126 daAuts
  Temple: 15 daAuts
